Workbook

Sheet 证书信息
A1: 第一至四批447个职业技能等级证书信息
A2: 序号 | B2: 专业大类 | C2: 职业技能等级证书 | D2: 培训评价组织 | E2: 证书批次 | F2: 备注
A3: 1 | B3: 财经商贸大类 | C3: 财务共享服务职业技能等级证书 | D3: 北京东大正保科技有限公司 | E3: 第三批
A4: 2 | B4: 财经商贸大类 | C4: 财务数字化应用职业技能等级证书 | D4: 新道科技股份有限公司 | E4: 第三批
A5: 3 | B5: 财经商贸大类 | C5: 大数据财务分析职业技能等级证书 | D5: 北京首冠教育科技集团有限公司 | E5: 第三批
A6: 4 | B6: 财经商贸大类 | C6: 电子商务客户服务职业技能等级证书 | D6: 江苏京东信息技术有限公司 | E6: 第四批
A7: 5 | B7: 财经商贸大类 | C7: 电子商务数据分析职业技能等级证书 | D7: 北京博导前程信息技术股份有限公司 | E7: 第二批
A8: 6 | B8: 财经商贸大类 | C8: 短视频数字化运营职业技能等级证书 | D8: 杭州遥望网络科技有限公司 | E8: 第四批
A9: 7 | B9: 财经商贸大类 | C9: 个税计算职业技能等级证书 | D9: 浙江衡信教育科技有限公司 | E9: 第四批
A10: 8 | B10: 财经商贸大类 | C10: 供应链数据分析职业技能等级证书 | D10: 物产中大集团股份有限公司 | E10: 第四批
A11: 9 | B11: 财经商贸大类 | C11: 供应链运营职业技能等级证书 | D11: 北京中物联物流采购培训中心 | E11: 第四批
A12: 10 | B12: 财经商贸大类 | C12: 供应链智能融资技术应用职业技能等级证书 | D12: 中企云链（北京）金融信息服务有限公司 | E12: 第四批
A13: 11 | B13: 财经商贸大类 | C13: 广告审查职业技能等级证书 | D13: 中广协广告信息文化传播有限责任公司 | E13: 第四批
A14: 12 | B14: 财经商贸大类 | C14: 呼叫中心客户服务与管理职业技能等级证书 | D14: 北京华唐中科科技集团有限公司 | E14: 第三批
... A449: 447 | B449: 资源环境与安全大类 | C449: 珠宝玉石鉴定职业技能等级证书 | D449: 中宝评（北京）教育科技有限公司 | E449: 第三批

Sheet 联系方式
A1: 第一至四批X证书对应培训评价组织联系方式
A2: 序号 | B2: 证书批次 | C2: 职业技能等级证书 | D2: 培训评价组织 | E2: 专业大类 | F2: 项目负责人 | G2: 联系方式 | H2: 联系人 | I2: 联系方式 | J2: 广西区联系人及方式 | K2: 电子邮箱 | L2: 备注
A3: 1 | B3: 第一批 | C3: 建筑信息模型（BIM）职业技能等级证书 | D3: 廊坊市中科建筑产业化创新研究中心 | E3: =VLOOKUP(C3,[1]证书及专业大类!$C:$F,4,FALSE) -> 土木建筑大类 | F3: 胡晓光 | G3: 13681111335 | H3: 张建奇 | I3: 13366465781 | J3: 刘海彬：13657713610 | K3: clppCN@126.com
A4: 2 | B4: 第一批 | C4: Web前端开发职业技能等级证书 | D4: 工业和信息化部教育与考试中心 | E4: =VLOOKUP(C4,[1]证书及专业大类!$C:$F,4,FALSE) -> 电子信息大类 | F4: 龚玉函 | G4: 010-68607719 13801328764 | H4: 谭志彬 | J4: 王欣欣 13901091552 010-68607718 | K4: wangxx@ceiaec.org
A5: 3 | B5: 第一批 | C5: 老年照护职业技能等级证书 | D5: 北京中福长者文化科技有限公司 | E5: =VLOOKUP(C5,[1]证书及专业大类!$C:$F,4,FALSE) -> 公共管理与服务大类 | F5: 姜小玲 | G5: 13051681116 | H5: 魏 兵 | J5: 刘佳佳13737136997 13100517071 | K5: 1681116@163.com，bjzch2002@sohu.com
A6: 4 | B6: 第一批 | C6: 物流管理职业技能等级证书 | D6: 北京中物联物流采购培训中心 | E6: =VLOOKUP(C6,[1]证书及专业大类!$C:$F,4,FALSE) -> 交通运输大类 | F6: 研学 | G6: 13699204203 | H6: 郭肇明 | J6: 马赛13521372616 | K6: x@clpp.org.cn clppcn@126.com
A7: 5 | B7: 第一批 | C7: 汽车运用与维修职业技能等级证书 | D7: 北京中车行高新技术有限公司 | E7: =VLOOKUP(C7,[1]证书及专业大类!$C:$F,4,FALSE) -> 交通运输大类 | F7: 陈学峰 | G7: 13051681116 | H7: 张萌 | I7: 010-84813985 | J7: 柏秀秀13522072573 | K7: tangf@zch713.com qichezhengshu_1x@alyun.com
A8: 6 | B8: 第一批 | C8: 智能新能源汽车职业技能等级证书 | D8: 北京中车行高新技术有限公司 | E8: =VLOOKUP(C8,[1]证书及专业大类!$C:$F,4,FALSE) -> 交通运输大类 | F8: 陈学峰 | G8: 13051681116 | H8: 张萌 | I8: 010-84813985 | J8: 柏秀秀13522072573 | K8: qichezhengshu_1x@alyun.com
A9: 7 | B9: 第二批 | C9: 电子商务数据分析职业技能等级证书 | D9: 北京博导前程信息技术股份有限公司 | E9: =VLOOKUP(C9,[1]证书及专业大类!$C:$F,4,FALSE) -> 财经商贸大类 | F9: 秦刚强 | G9: 15572543571 | H9: 陈礼科 | I9: 17789127307 | J9: 黄阳勇 13519127575 | K9: huangyy@bjbodao.com
A10: 8 | B10: 第二批 | C10: 网店运营推广职业技能等级证书 | D10: 北京鸿科经纬科技有限公司 | E10: =VLOOKUP(C10,[1]证书及专业大类!$C:$F,4,FALSE) -> 财经商贸大类 | F10: 何海阳 | G10: 13501289641 | H10: 张强林 | I10: 18663960693 | J10: 何海阳（具体业务 张强林（会议等） | K10: college@hotmatrix.cn
A11: 9 | B11: 第二批 | C11: 工业机器人操作与运维职业技能等级证书 | D11: 北京新奥时代科技有限责任公司 | E11: =VLOOKUP(C11,[1]证书及专业大类!$C:$F,4,FALSE) -> 装备制造大类 | F11: 陈穆珩 | G11: 13911364024 | H11: 赖文华 | I11: 18600819944 | J11: 陈穆珩13581772309 | K11: guoyc@cailian.net，huyp@cailian.net
A12: 10 | B12: 第二批 | C12: 工业机器人应用编程职业技能等级证书 | D12: 北京赛育达科教有限责任公司 | E12: =VLOOKUP(C12,[1]证书及专业大类!$C:$F,4,FALSE) -> 装备制造大类 | F12: 王志强 | G12: 13552969054 | H12: 耿东川 | I12: 13255690054 | J12: 陈飞15201006956 | K12: jinanygdj@163.com
A13: 11 | B13: 第二批 | C13: 特殊焊接技术职业技能等级证书 | D13: 中船舰客教育科技（北京）有限公司 | E13: =VLOOKUP(C13,[1]证书及专业大类!$C:$F,4,FALSE) -> 装备制造大类 | F13: 夏海滨 | G13: 13911015054 | H13: 高桂欣 | I13: 18500301628 | J13: 田野13817390421 | K13: tianye@namaedu.com
A14: 12 | B14: 第二批 | C14: 智能财税职业技能等级证书 | D14: 中联集团教育科技有限公司 | E14: =VLOOKUP(C14,[1]证书及专业大类!$C:$F,4,FALSE) -> 财经商贸大类 | F14: 郭玉成 | G14: 13581841651 | H14: 胡彦平 | I14: 18600819944 | J14: 杨春燕13647719399 | K14: fuzhijiaoyu@qq.com
A15: 13 | B15: 第二批 | C15: 母婴护理职业技能等级证书 | D15: 济南阳光大姐服务有限责任公司 | E15: =VLOOKUP(C15,[1]证书及专业大类!$C:$F,4,FALSE) -> 公共管理与服务大类 | F15: 李 凯 | G15: 15950589888 | H15: 徐庆振 | I15: 15301523311 | J15: 刘洪建15562675661 | K15: cloudskill@cetc55.net
A16: 14 | B16: 第二批 | C16: 传感网应用开发职业技能等级证书 | D16: 北京新大陆时代教育科技有限公司 | E16: =VLOOKUP(C16,[1]证书及专业大类!$C:$F,4,FALSE) -> 电子信息大类 | F16: 林世舒 | G16: 18106065600 | H16: 邓 立 | I16: 13366465781 | J16: 黄乙芳13768303405 | K16: 511470041@qq.com
A17: 15 | B17: 第二批 | C17: 失智老年人照护职业技能等级证书 | D17: 北京中民福祉教育科技有限责任公司 | E17: =VLOOKUP(C17,[1]证书及专业大类!$C:$F,4,FALSE) -> 公共管理与服务大类 | F17: 杨根来 | G17: 17778170873 | H17: 帅一鸣 | I17: 19948264649 | J17: 帅一鸣19948264649 | K17: fuzhijiaoyu@126.com
A18: 16 | B18: 第二批 | C18: 云计算平台运维与开发职业技能等级证书 | D18: 南京第五十五所技术开发有限公司 | E18: =VLOOKUP(C18,[1]证书及专业大类!$C:$F,4,FALSE) -> 电子信息大类 | F18: 余云峰 | G18: 133 0158 4388 | H18: 顾旭峰 | I18: 13522763212 | J18: 余云峰133 0158 4388 | K18: fuzhijiaoyu@126.com
A19: 17 | B19: 第三批 | C19: 大数据财务分析职业技能等级证书 | D19: 北京首冠教育科技集团有限公司 | E19: =VLOOKUP(C19,[1]证书及专业大类!$C:$F,4,FALSE) -> 财经商贸大类 | F19: 金思达 | G19: 15066870881 | H19: 贾晓航 | I19: 18739999866 | J19: 贾老师18701099332 | K19: xiaohanfeng@shouguanedu.cn
A20: 18 | B20: 第三批 | C20: 垃圾焚烧发电运行与维护职业技能等级证书 | D20: 博努力（北京）仿真技术有限公司 | E20: =VLOOKUP(C20,[1]证书及专业大类!$C:$F,4,FALSE) -> 能源动力与材料大类 | F20: 王廷举 | G20: 13581984089 | H20: 王小亮 | I20: 13651329959 | J20: 王刚15324910303 | K20: bernouly@126.com
A21: 19 | B21: 第三批 | C21: 大数据应用开发（JAVA）职业技能等级证书 | D21: 国信蓝桥教育科技（杭州）股份有限公司（原国信蓝桥教育科技（北京）股份有限公司） | E21: =VLOOKUP(C21,[1]证书及专业大类!$C:$F,4,FALSE) -> 电子信息大类 | F21: 单宝军 | G21: 18710095276 | H21: 单宝军 | I21: 18710095276 | J21: 刘春平18611393009 | K21: X@lanqiao.org
A22: 20 | B22: 第三批 | C22: 10千伏不停电作业职业技能等级证书 | D22: 广东南方电力科学研究院有限公司 | E22: =VLOOKUP(C22,[1]证书及专业大类!$C:$F,4,FALSE) -> 能源动力与材料大类 | F22: 蚁毓菁 | G22: 020-37784849 13710122105 | H22: 周雪梅 | I22: 18826436311 | J22: 莫智英 13802541367 | K22: 31919813@qq.com
A23: 21 | B23: 第三批 | C23: 数字化管理会计职业技能等级证书 | D23: 上海管会教育培训有限公司 | E23: =VLOOKUP(C23,[1]证书及专业大类!$C:$F,4,FALSE) -> 财经商贸大类 | F23: 吴骏 | G23: 13916023918 | H23: 黄成金 | I23: 15000712355 | J23: 李华鑫19910226730 | K23: 2393139282@qq.com
A24: 22 | B24: 第三批 | C24: 研学旅行策划与管理(EEPM)职业技能等级证书 | D24: 亲子猫（北京）国际教育科技有限公司 | E24: =VLOOKUP(C24,[1]证书及专业大类!$C:$F,4,FALSE) -> 旅游大类 | F24: 魏巴德 | G24: 18513127528 | H24: 邓青 | I24: 13910526098 | J24: 陈治波15810238841 | K24: dengqing@qinzimao.cn
A25: 23 | B25: 第三批 | C25: 光伏电站运维职业技能等级证书 | D25: 浙江瑞亚能源科技有限公司 | E25: =VLOOKUP(C25,[1]证书及专业大类!$C:$F,4,FALSE) -> 能源动力与材料大类 | F25: 桑宁如 | G25: 13601308127 | H25: 刘文斌 | I25: 15757124781 | J25: 15802912683 | K25: xc@rheaeco.com
A26: 24 | B26: 第三批 | C26: 5G移动网络运维职业技能等级证书 | D26: 北京华晟经世信息技术股份有限公司（原北京华晟经世信息技术有限公司） | E26: =VLOOKUP(C26,[1]证书及专业大类!$C:$F,4,FALSE) -> 电子信息大类 | F26: 张煜 | G26: 18911093378 | H26: 徐武 | I26: 13602764693 | J26: 广西 杨学辉18565698797 | K26: xu.wu@huatec.com
A27: 25 | B27: 第三批 | C27: 呼叫中心客户服务与管理职业技能等级证书 | D27: 北京华唐中科科技集团有限公司 | E27: =VLOOKUP(C27,[1]证书及专业大类!$C:$F,4,FALSE) -> 财经商贸大类 | F27: 宋庆东 | G27: 18611180040 | H27: 赵广明 | I27: 18611218523 | J27: 赵广明 18611218523 | K27: 317821546@qq.com
A28: 26 | B28: 第三批 | C28: 矿山开采数字技术应用职业技能等级证书 | D28: 北京诺斐释真管理咨询有限公司 | E28: =VLOOKUP(C28,[1]证书及专业大类!$C:$F,4,FALSE) -> 资源环境与安全大类 | F28: 祝丽华 | G28: 18600464068 | H28: 马 月 | I28: 17801003807 | J28: 马 月17801003807 | K28: 2454965264@qq.com
A29: 27 | B29: 第三批 | C29: 冶金机电设备点检职业技能等级证书 | D29: 北京诺斐释真管理咨询有限公司 | E29: =VLOOKUP(C29,[1]证书及专业大类!$C:$F,4,FALSE) -> 装备制造大类 | F29: 祝丽华 | G29: 18600464068 | H29: 马 月 | I29: 17801003807
A30: 28 | B30: 第三批 | C30: 城市轨道交通乘务职业技能等级证书 | D30: 广州轨道教育科技股份有限公司（原广州城市轨道交通培训学院股份有限公司） | E30: =VLOOKUP(C30,[1]证书及专业大类!$C:$F,4,FALSE) -> 交通运输大类 | F30: 卞科 | G30: 13609797502 | H30: 刘超 | I30: 15989207290 | K30: liuchao5@gzmtr.com
A31: 29 | B31: 第三批 | C31: 城市轨道交通站务职业技能等级证书 | D31: 广州轨道教育科技股份有限公司（原广州城市轨道交通培训学院股份有限公司） | E31: =VLOOKUP(C31,[1]证书及专业大类!$C:$F,4,FALSE) -> 交通运输大类 | H31: 向启然 | I31: 13802408283 | K31: xiangqiran1@gzmtr.com
A32: 30 | B32: 第三批 | C32: 幼儿照护职业技能等级证书 | D32: 湖南金职伟业母婴护理有限公司 | E32: =VLOOKUP(C32,[1]证书及专业大类!$C:$F,4,FALSE) -> 教育与体育大类 | F32: 潘建明 | G32: 13755055541 | H32: 李文丽 | I32: 18175117893 | J32: 李文丽18175117893 | K32: 1457889183@qq.com
A33: 31 | B33: 第三批 | C33: 数控车铣加工职业技能等级证书 | D33: 武汉华中数控股份有限公司 | E33: =VLOOKUP(C33,[1]证书及专业大类!$C:$F,4,FALSE) -> 装备制造大类 | F33: 宁柯 | G33: 13886185106 | H33: 韩力 | I33: 18040538803 | J33: 宁柯138 8618 5106 | K33: 13886185106@163.com；289915904@qq.com
A34: 32 | B34: 第三批 | C34: 多轴数控加工职业技能等级证书 | D34: 武汉华中数控股份有限公司 | E34: =VLOOKUP(C34,[1]证书及专业大类!$C:$F,4,FALSE) -> 装备制造大类 | J34: 韩力18040538803
A35: 33 | B35: 第三批 | C35: 虚拟现实应用开发职业技能等级证书 | D35: 北京新奥时代科技有限责任公司 | E35: =VLOOKUP(C35,[1]证书及专业大类!$C:$F,4,FALSE) -> 电子信息大类 | F35: 谭志彬 | G35: 13801003561 | H35: 龚玉涵 | I35: 010-68607719 | J35: 田燕燕13661386189 | K35: shch@ceiaec.org
A36: 34 | B36: 第三批 | C36: 云计算开发与运维职业技能等级证书 | D36: 阿里巴巴（中国）有限公司 | E36: =VLOOKUP(C36,[1]证书及专业大类!$C:$F,4,FALSE) -> 电子信息大类 | F36: 曹海坤 | G36: 18851503365 | H36: 尹红梅 | I36: 15867421427 | J36: 陆茵 18077770820 | K36: luyin.lu@alibaba-inc.com
A37: 35 | B37: 第三批 | C37: 大数据分析与应用职业技能等级证书 | D37: 阿里巴巴（中国）有限公司 | E37: =VLOOKUP(C37,[1]证书及专业大类!$C:$F,4,FALSE) -> 电子信息大类
A38: 36 | B38: 第三批 | C38: 跨境电商B2B数据运营职业技能等级证书 | D38: 阿里巴巴（中国）教育科技有限公司 | E38: =VLOOKUP(C38,[1]证书及专业大类!$C:$F,4,FALSE) -> 财经商贸大类 | F38: 孙孟洋 | G38: 18612708721 | H38: 王娟 | I38: 17744566186 | J38: 孙孟洋18612708721/王娟17744566186 | K38: wangj@niso.edu.cn
A39: 37 | B39: 第三批 | C39: 人身保险理赔职业技能等级证书 | D39: 中保教育咨询（北京）有限公司（原中保慧杰教育咨询(北京)有限公司） | E39: =VLOOKUP(C39,[1]证书及专业大类!$C:$F,4,FALSE) -> 财经商贸大类 | F39: 夏芳 | G39: 18601060509 | H39: 张明铭 | I39: 18611871988 | J39: 张明铭18611871988 | K39: stephen_m_zhang@163.com；lvjiahan@iachina.cn
A40: 38 | B40: 第三批 | C40: 精算实务分析职业技能等级证书 | D40: 中国精算师协会 | E40: =VLOOKUP(C40,[1]证书及专业大类!$C:$F,4,FALSE) -> 财经商贸大类 | F40: 于璐 | G40: 15810359639 | H40: 李佳洁 | I40: 18810578977 | J40: 李佳洁18810578977 | K40: lijj@e-caa.org.cn； yul@e-caa.org.cn
A41: 39 | B41: 第三批 | C41: 珠宝玉石鉴定职业技能等级证书 | D41: 中宝评（北京）教育科技有限公司 | E41: =VLOOKUP(C41,[1]证书及专业大类!$C:$F,4,FALSE) -> 资源环境与安全大类 | F41: 张丽葵 | G41: 15910283178 | H41: 贺淑赛 | I41: 18810518134 | J41: 贺淑赛18810518134 | K41: zbxjwh@jewellery.org.cn
A42: 40 | B42: 第三批 | C42: 3D引擎技术应用职业技能等级证书 | D42: 唯乐屋（北京）软件有限公司 | E42: =VLOOKUP(C42,[1]证书及专业大类!$C:$F,4,FALSE) -> 电子信息大类 | F42: 邓雪琴 | G42: 010-58876718 18911762297 | H42: 张广祥 | I42: 010-58876718 18911753162 | J42: 邓雪琴18911762297 | K42: 2207828879@qq.com
A43: 41 | B43: 第三批 | C43: 建筑工程识图职业技能等级证书 | D43: 广州中望龙腾软件股份有限公司 | E43: =VLOOKUP(C43,[1]证书及专业大类!$C:$F,4,FALSE) -> 土木建筑大类 | F43: 刘莉 | G43: 18611892800 | H43: 单良 | I43: 18618185182 | J43: 单良18618185182 | K43: shanliang@zwcad.com
A44: 42 | B44: 第三批 | C44: 快递运营管理职业技能等级证书 | D44: 国邮创展（北京）人力资源服务有限公司 | E44: =VLOOKUP(C44,[1]证书及专业大类!$C:$F,4,FALSE) -> 交通运输大类 | F44: 张 慧 | G44: 010-69943713 18201581485 | H44: 高俊霞 | I44: 010-69943706 15210103058 | J44: 高俊霞010-69943706 15210103058 | K44: x_kd_gycz@126.com
A45: 43 | B45: 第三批 | C45: 数字创意建模职业技能等级证书 | D45: 浙江中科视传科技有限公司 | E45: =VLOOKUP(C45,[1]证书及专业大类!$C:$F,4,FALSE) -> 文化艺术大类 | F45: 王海东 | G45: 13456839123 | H45: 殷涛 涛 | I45: 177 3708 5403 | K45: whd2017@163.com
A46: 44 | B46: 第三批 | C46: 运动营养咨询与指导职业技能等级证书 | D46: 北京康比特体育科技股份有限公司 | E46: =VLOOKUP(C46,[1]证书及专业大类!$C:$F,4,FALSE) -> 教育与体育大类 | F46: 陈玉帅 | G46: 17611329466 | H46: 王晓艳 | I46: 13910592145 | J46: 新增联系人：陈玉帅 17611329466 | K46: cisn@chinacpt.com；tangchunxue@chinacpt.com；wangxiaoyan@chinacpt.com
A47: 45 | B47: 第三批 | C47: 物联网智能家居系统集成和应用职业技能等级证书 | D47: 上海仪电（集团）有限公司 | E47: =VLOOKUP(C47,[1]证书及专业大类!$C:$F,4,FALSE) -> 电子信息大类 | F47: 周立冬 | G47: 13816211719 | H47: 王悦 | I47: 13681925041 | J47: 王悦13681925041 | K47: 513894332@qq.com
A48: 46 | B48: 第三批 | C48: 车联网集成应用职业技能等级证书 | D48: 上海仪电（集团）有限公司 | E48: =VLOOKUP(C48,[1]证书及专业大类!$C:$F,4,FALSE) -> 电子信息大类 | J48: 周立冬13816211719
A49: 47 | B49: 第三批 | C49: 金税财务应用职业技能等级证书 | D49: 航天信息股份有限公司 | E49: =VLOOKUP(C49,[1]证书及专业大类!$C:$F,4,FALSE) -> 财经商贸大类 | F49: 于海勇 | G49: 13501384199 | H49: 吴尚昊 | I49: 13501376290 | J49: 黄明志 15277165911 | K49: yuhaiyong@aisino.com
A50: 48 | B50: 第三批 | C50: 宠物护理与美容职业技能等级证书 | D50: 名将宠美教育科技（北京）有限公司 | E50: =VLOOKUP(C50,[1]证书及专业大类!$C:$F,4,FALSE) -> 农林牧渔大类 | F50: 王镜淳 | G50: 13260191679 | H50: 梁洋 | I50: 13810212850 | J50: 王亮涵13810212617 | K50: yinhy@ngkc.org
A51: 49 | B51: 第三批 | C51: 智能网联汽车检测与运维职业技能等级证书 | D51: 中德诺浩（北京）教育科技股份有限公司 | E51: =VLOOKUP(C51,[1]证书及专业大类!$C:$F,4,FALSE) -> 交通运输大类 | F51: 吕丕华 | G51: 13911211227 | H51: 郭福霞 | I51: 13552243889 | J51: 郭福霞13552243889 | K51: x_zdnh2020@knowhowedu.com
A52: 50 | B52: 第三批 | C52: 商用车销售服务职业技能等级证书 | D52: 中德诺浩（北京）教育科技股份有限公司 | E52: =VLOOKUP(C52,[1]证书及专业大类!$C:$F,4,FALSE) -> 交通运输大类
A53: 51 | B53: 第三批 | C53: 空中乘务职业技能等级证书 | D53: 江苏无国界航空发展有限公司 | E53: =VLOOKUP(C53,[1]证书及专业大类!$C:$F,4,FALSE) -> 交通运输大类 | F53: 尹涓（副总裁） 王婧（1+X管理办公室负责人） | G53: 13390753933 18652855201 | H53: 王婧（省厅推进办联络人） | I53: 18652855201 | J53: 王洋 13907609545（试点院校联系人） | K53: 2736602223@qq.com
A54: 52 | B54: 第三批 | C54: 数字媒体交互设计职业技能等级证书 | D54: 凤凰新联合（北京）教育科技有限公司 | E54: =VLOOKUP(C54,[1]证书及专业大类!$C:$F,4,FALSE) -> 文化艺术大类 | F54: 郭功涛 | G54: 13910995389 | H54: 王麒喻 | I54: 13683529971 | J54: 王麒喻13683529971 | K54: 497882572@qq.com
A55: 53 | B55: 第三批 | C55: 装配式建筑构件制作与安装职业技能等级证书 | D55: 廊坊市中科建筑产业化创新研究中心 | E55: =VLOOKUP(C55,[1]证书及专业大类!$C:$F,4,FALSE) -> 土木建筑大类 | F55: 胡晓光 | G55: 18611533890 | H55: 张建奇 | I55: 13366465781 | J55: 张建奇13366465781 胡晓光18611533890 | K55: 99452473@qq.com
A56: 54 | B56: 第三批 | C56: 计算机视觉应用开发职业技能等级证书 | D56: 北京百度网讯科技有限公司 | E56: =VLOOKUP(C56,[1]证书及专业大类!$C:$F,4,FALSE) -> 电子信息大类 | F56: 王冬 | G56: 15810494074 | H56: 朱敏 | I56: 18910029193 | J56: 王冬 15810494074 | K56: wangdong01@baidu.com
A57: 55 | B57: 第三批 | C57: 汽车油漆调色与喷涂职业技能等级证书 | D57: 北京祥龙博瑞汽车服务（集团）有限公司 | E57: =VLOOKUP(C57,[1]证书及专业大类!$C:$F,4,FALSE) -> 交通运输大类 | F57: 蒋金波 | G57: 13020046380 | H57: 刘全德 | I57: 13701190157 | J57: 姚东烨13911121325 | K57: yaodongye@xlbrauto.cn
A58: 56 | B58: 第三批 | C58: 集成电路开发与测试职业技能等级证书 | D58: 杭州朗迅科技有限公司 | E58: =VLOOKUP(C58,[1]证书及专业大类!$C:$F,4,FALSE) -> 电子信息大类 | F58: 夏蕾、周文清 | G58: 18758361971 13858006414 | H58: 夏蕾、周文清 | I58: 18758361971 13858006414 | J58: 夏蕾 18758361971 周文清 13858006414 | K58: xl@luntek.cn zwq@luntek.cn
A59: 57 | B59: 第三批 | C59: 数据采集职业技能等级证书 | D59: 浪潮集团有限公司 | E59: =VLOOKUP(C59,[1]证书及专业大类!$C:$F,4,FALSE) -> 电子信息大类 | F59: 刘何秀 | G59: 18615530635 13609811906 | H59: 王绪良 穆建平 | I59: 18254180314 15140183575 | J59: 18253156721 | K59: mujp@inspur.com
A60: 58 | B60: 第三批 | C60: 网络安全评估职业技能等级证书 | D60: 北京鸿腾智能科技有限公司（原北京奇虎鸿腾科技有限公司） | E60: =VLOOKUP(C60,[1]证书及专业大类!$C:$F,4,FALSE) -> 电子信息大类 | F60: 李伟光 | G60: 13530213350 | H60: 李伟光 | I60: 13530213350 | J60: 李伟光，13530213350 | K60: liweiguang3@360.cn
A61: 59 | B61: 第三批 | C61: 工业机器人装调职业技能等级证书 | D61: 沈阳新松机器人自动化股份有限公司 | E61: =VLOOKUP(C61,[1]证书及专业大类!$C:$F,4,FALSE) -> 装备制造大类 | F61: 高巍 | G61: 13621127969 | H61: 闫超 | I61: 18610679818 | J61: 刘松 18240256016 广西联系人许宜洋：15307718556 | K61: netsafe@bjzkpy.com
A62: 60 | B62: 第三批 | C62: 航空器灭火救援与救护职业技能等级证书 | D62: 首都机场集团科技管理有限公司（原首都机场集团管理有限公司） | E62: =VLOOKUP(C62,[1]证书及专业大类!$C:$F,4,FALSE) -> 交通运输大类 | F62: 任金钰 | G62: 18910068083 | H62: 葛旭 | I62: 13810559290 | J62: 葛旭18701330421 | K62: yinjian@bj-fanuc.com.cn
A63: 61 | B63: 第三批 | C63: 网络安全运维职业技能等级证书 | D63: 中科软科技股份有限公司 | E63: =VLOOKUP(C63,[1]证书及专业大类!$C:$F,4,FALSE) -> 电子信息大类 | F63: 孙雨春 | G63: 13621127969 | H63: 吴鑫 | I63: 18210263394 | J63: 吴靖雯18877201699 | K63: netsafe@bjzkpy.com
A64: 62 | B64: 第三批 | C64: 数控设备维护与维修职业技能等级证书 | D64: 北京机床研究所有限公司 | E64: =VLOOKUP(C64,[1]证书及专业大类!$C:$F,4,FALSE) -> 装备制造大类 | F64: 梁静 | G64: 18611185117 | H64: 尹建 | I64: 18210912861 | J64: 13810559290 | K64: bai.yangB@h3c.com
A65: 63 | B65: 第三批 | C65: 智能网联汽车测试装调职业技能等级证书 | D65: 国汽（北京）智能网联汽车研究院有限公司 | E65: =VLOOKUP(C65,[1]证书及专业大类!$C:$F,4,FALSE) -> 交通运输大类 | F65: 徐念峰 | G65: 13910514833 18652954720 13911555785 | H65: 余宝星 | I65: 15011502905 | J65: 余宝星15011502905 | K65: ybx@sae-china.org
A66: 64 | B66: 第三批 | C66: 大数据平台运维职业技能等级证书 | D66: 新华三技术有限公司 | E66: =VLOOKUP(C66,[1]证书及专业大类!$C:$F,4,FALSE) -> 电子信息大类 | F66: 饶双燕 | G66: 15158109207 | H66: 陈伟 | I66: 18167126617 | J66: 校企合作部饶双燕 15158109207 | K66: rao.shuangyan@h3c.com
A67: 65 | B67: 第三批 | C67: 5G基站建设与维护职业技能等级证书 | D67: 南京中兴信雅达信息科技有限公司 | E67: =VLOOKUP(C67,[1]证书及专业大类!$C:$F,4,FALSE) -> 电子信息大类 | F67: 张颖 | G67: 158 1552 3640 | H67: 毛泽良 | I67: 13776602362 | J67: 广西联系人 韦黎鸿18249932998 | K67: zhang.ying@zteedu.com
A68: 66 | B68: 第三批 | C68: 无人机驾驶职业技能等级证书 | D68: 北京优云智翔航空科技有限公司 | E68: =VLOOKUP(C68,[1]证书及专业大类!$C:$F,4,FALSE) -> 装备制造大类 | F68: 郝琦 | G68: 010-56177451 13161376738 | H68: 孙烨 | I68: 18500048563 | J68: 18500048563 | K68: u-cloud1x@126.com
A69: 67 | B69: 第三批 | C69: 工业机器人集成应用职业技能等级证书 | D69: 北京华航唯实机器人科技股份有限公司 | E69: =VLOOKUP(C69,[1]证书及专业大类!$C:$F,4,FALSE) -> 装备制造大类 | F69: 刘新祥 | G69: 18612250033 | H69: 黄光亚 | I69: 13816215147 | J69: 周曙红 13064720238 广西负责任黄禧哲18172034535 | K69: huangguangya@chlrob.com
A70: 68 | B70: 第三批 | C70: 民航货物运输职业技能等级证书 | D70: 北京翔宇教育咨询有限公司 | E70: =VLOOKUP(C70,[1]证书及专业大类!$C:$F,4,FALSE) -> 交通运输大类 | F70: 毛锦 | G70: 13699285003 | K70: cata_x@126.com
A71: 69 | B71: 第三批 | C71: 民航旅客地面服务职业技能等级证书 | D71: 北京翔宇教育咨询有限公司 | E71: =VLOOKUP(C71,[1]证书及专业大类!$C:$F,4,FALSE) -> 交通运输大类 | F71: 毛锦 | G71: 13699285003 | K71: cata_x@126.com
A72: 70 | B72: 第三批 | C72: 游戏美术设计职业技能等级证书 | D72: 完美世界教育科技（北京）有限公司 | E72: =VLOOKUP(C72,[1]证书及专业大类!$C:$F,4,FALSE) -> 文化艺术大类 | F72: 杨昊 | G72: 13911748050 | H72: 武斐 | I72: 18611426119 | J72: 顾彬彬 18664808963 | K72: one_x@pwrd.com
A73: 71 | B73: 第三批 | C73: 轨道交通电气设备装调职业技能等级证书 | D73: 中国中车集团有限公司 | E73: =VLOOKUP(C73,[1]证书及专业大类!$C:$F,4,FALSE) -> 交通运输大类 | F73: 李彦坤 | G73: 13911817225 | H73: 曹炜洲 | I73: 18600144556、18610666395 | J73: 曹炜洲15895036297 | K73: x_xugong@163.com
A74: 72 | B74: 第三批 | C74: 轨道交通装备焊接职业技能等级证书 | D74: 中国中车集团有限公司 | E74: =VLOOKUP(C74,[1]证书及专业大类!$C:$F,4,FALSE) -> 装备制造大类 | G74: 18810405166 | H74: 林燕文 | I74: 19928706817 | K74: zngz@cailian.net
A75: 73 | B75: 第三批 | C75: 轨道交通装备无损检测职业技能等级证书 | D75: 中国中车集团有限公司 | E75: =VLOOKUP(C75,[1]证书及专业大类!$C:$F,4,FALSE) -> 交通运输大类 | G75: 18675529119 | H75: 方老师 | I75: 18796969783 | K75: haina@huawei.com
A76: 74 | B76: 第三批 | C76: 智能估值数据采集与应用职业技能等级证书 | D76: 中联集团教育科技有限公司 | E76: =VLOOKUP(C76,[1]证书及专业大类!$C:$F,4,FALSE) -> 财经商贸大类 | F76: 郭玉城 | G76: 15811210856 | H76: 贾老师 | I76: 13581887584 | J76: 广西负责人杨春燕13647719399 | K76: wangdanzl@cdeledu.com
A77: 75 | B77: 第三批 | C77: 网络系统建设与运维职业技能等级证书 | D77: 华为技术有限公司 | E77: =VLOOKUP(C77,[1]证书及专业大类!$C:$F,4,FALSE) -> 电子信息大类 | F77: 闫建刚 | G77: 18675529119 | H77: 刘忠惠 | I77: 15325812767 | J77: 广西负责人 甘继敏13117727662 何东岷15521339887 | K77: cssc_x2@namaedu.com
A78: 76 | B78: 第三批 | C78: 智能计算平台应用开发职业技能等级证书 | D78: 华为技术有限公司 | E78: =VLOOKUP(C78,[1]证书及专业大类!$C:$F,4,FALSE) -> 电子信息大类 | I78: 13520152419 | J78: 甘继敏13117727662 | K78: cssc_X3@namaedu.com
A79: 77 | B79: 第三批 | C79: 邮轮内装工艺职业技能等级证书 | D79: 中船舰客教育科技（北京）有限公司 | E79: =VLOOKUP(C79,[1]证书及专业大类!$C:$F,4,FALSE) -> 装备制造大类 | F79: 鲁慧娟 | G79: 13911332860 | H79: 田野 | I79: 13817390421 | J79: 广西负责人田野 13817390421 | K79: tianye@namaedu.com
A80: 78 | B80: 第三批 | C80: 邮轮运营服务职业技能等级证书 | D80: 中船舰客教育科技（北京）有限公司 | E80: =VLOOKUP(C80,[1]证书及专业大类!$C:$F,4,FALSE) -> 交通运输大类 | F80: 鲁慧娟 | G80: 13911332860 | H80: 田野 | I80: 13817390421 | J80: 广西负责人田野 13817390421 | K80: tianye@namaedu.com
A81: 79 | B81: 第三批 | C81: 污水处理职业技能等级证书 | D81: 北京化育厚德咨询有限责任公司 | E81: =VLOOKUP(C81,[1]证书及专业大类!$C:$F,4,FALSE) -> 资源环境与安全大类 | F81: 张晨光 | G81: 15257110995 | H81: 刘慧聪 | I81: 18612615005 | J81: 刘慧聪18612615005 | K81: hgjd1_X@126.com
A82: 80 | B82: 第三批 | C82: 粮农食品安全评价职业技能等级证书 | D82: 中农粮信（北京）技术服务有限公司 | E82: =VLOOKUP(C82,[1]证书及专业大类!$C:$F,4,FALSE) -> 食品药品与粮食大类 | F82: 徐小舟 | G82: 13243994315 | H82: 韩小云 | I82: 15901489889 | J82: 徐小舟13243994315 | K82: info@znlxedu.com.cn
A83: 81 | B83: 第三批 | C83: 工业互联网实施与运维职业技能等级证书 | D83: 徐工汉云技术股份有限公司（原江苏徐工信息技术股份有限公司） | E83: =VLOOKUP(C83,[1]证书及专业大类!$C:$F,4,FALSE) -> 装备制造大类 | F83: 李秋实 马宇宇 | G83: 15861178223 18625519973 | H83: 张鑫 | I83: 18994945781 | J83: 李秋实15861178223 | K83: xgitedu@xcmg.com
A84: 82 | B84: 第三批 | C84: 企业网络安全防护职业技能等级证书 | D84: 上海海盾安全技术培训中心 | E84: =VLOOKUP(C84,[1]证书及专业大类!$C:$F,4,FALSE) -> 电子信息大类 | F84: 黄镇 | G84: 13049430029 | H84: 江雪 | I84: 18238839367 | J84: 江雪15921549965 | K84: 78379998@qq.com
A85: 83 | B85: 第三批 | C85: 云服务操作管理职业技能等级证书 | D85: 腾讯云计算(北京)有限责任公司 | E85: =VLOOKUP(C85,[1]证书及专业大类!$C:$F,4,FALSE) -> 电子信息大类 | F85: 钱栩磊 | G85: 18310713315 | H85: 胡玉玲 | I85: 18310856507 | J85: 李春梅18018761476，史超：18576772460 | K85: chensp15@tkhealthcare.com
A86: 84 | B86: 第三批 | C86: 界面设计职业技能等级证书 | D86: 腾讯云计算(北京)有限责任公司 | E86: =VLOOKUP(C86,[1]证书及专业大类!$C:$F,4,FALSE) -> 电子信息大类 | F86: 张泉 | G86: 18611030909 | H86: 陶圆 | I86: 15810726008 | J86: 李春梅18018761476，史超：18576772460 | K86: lijz@lenovoedu.com
A87: 85 | B87: 第三批 | C87: 运动控制系统开发与应用职业技能等级证书 | D87: 固高科技股份有限公司（原固高科技（深圳）有限公司） | E87: =VLOOKUP(C87,[1]证书及专业大类!$C:$F,4,FALSE) -> 装备制造大类 | F87: 盛倩 | G87: 13049430029 | H87: 丁宝杰 | I87: 18336776237 | J87: 丁宝杰 18336776237 | K87: ding.bj@googoltech.com
A88: 86 | B88: 第三批 | C88: 健康财富规划职业技能等级证书 | D88: 泰康珞珈（北京）科学技术研究院有限公司 | E88: =VLOOKUP(C88,[1]证书及专业大类!$C:$F,4,FALSE) -> 财经商贸大类 | F88: 孔德亚 | G88: 18612189310 | H88: 王怀锋 | I88: 13520885310 | J88: 李文丽18175117893 | K88: taikangluojia@126.com
A89: 87 | B89: 第三批 | C89: 云计算中心运维服务职业技能等级证书 | D89: 联想（北京）有限公司 | E89: =VLOOKUP(C89,[1]证书及专业大类!$C:$F,4,FALSE) -> 电子信息大类 | F89: 鲁维 | G89: 13801233953 | H89: 李金将 | I89: 13914703139 | J89: 李金将 13914703139 | K89: lijj@lenovoedu.com
A90: 88 | B90: 第三批 | C90: 家务管理职业技能等级证书 | D90: 济南阳光大姐服务有限责任公司 | E90: =VLOOKUP(C90,[1]证书及专业大类!$C:$F,4,FALSE) -> 公共管理与服务大类 | F90: 李凯 | G90: 15562675661 | J90: 刘洪建15562675661 | K90: x_ygdj@163.com
A91: 89 | B91: 第三批 | C91: 激光加工技术应用职业技能等级证书 | D91: 武汉天之逸科技有限公司 | E91: =VLOOKUP(C91,[1]证书及专业大类!$C:$F,4,FALSE) -> 装备制造大类 | F91: 董彪 | G91: 15118115821 | H91: 向红梅 | I91: 15327519300 | J91: 李江汉13797045955 | K91: 2694463586@qq.com
A92: 90 | B92: 第三批 | C92: 财务数字化应用职业技能等级证书 | D92: 新道科技股份有限公司 | E92: =VLOOKUP(C92,[1]证书及专业大类!$C:$F,4,FALSE) -> 财经商贸大类 | F92: 李媛媛 | G92: 13501289641 | H92: 刘焕 | I92: 18663960693 | J92: 李宏13768398129 | K92: 309308173@qq.com
A93: 91 | B93: 第三批 | C93: 业财一体信息化应用职业技能等级证书 | D93: 新道科技股份有限公司 | E93: =VLOOKUP(C93,[1]证书及专业大类!$C:$F,4,FALSE) -> 财经商贸大类 | G93: 13581772309 | I93: 13601213371 | J93: 李宏13768398129 | K93: 309308173@qq.com
A94: 92 | B94: 第三批 | C94: 财务共享服务职业技能等级证书 | D94: 北京东大正保科技有限公司 | E94: =VLOOKUP(C94,[1]证书及专业大类!$C:$F,4,FALSE) -> 财经商贸大类 | F94: 郭宜玘 | G94: 18606005796 | H94: 方涵超 | I94: 18606001723 | J94: 毛书亭15505991908 | K94: fss@netinnet.cn
A95: 93 | B95: 第四批 | C95: 智能硬件应用开发职业技能等级证书 | D95: 北京电信规划设计院有限公司 | E95: =VLOOKUP(C95,[1]证书及专业大类!$C:$F,4,FALSE) -> 电子信息大类 | F95: 刘方方 | G95: 13699268679 | H95: 刘方方 | I95: 13699268679 | J95: 刘方方 13699268679 | K95: 3071086772@qq.com
A96: 94 | B96: 第四批 | C96: 轨道交通车辆检修职业技能等级证书 | D96: 神州高铁技术股份有限公司 | E96: =VLOOKUP(C96,[1]证书及专业大类!$C:$F,4,FALSE) -> 交通运输大类 | F96: 李帝呈 | G96: 15901441616 | H96: 李帝呈 | I96: 15901441616 | J96: 李帝呈 15901441616 | K96: lidicheng@cngte.com.cn huanglulu001@sdic.com.cn
A97: 95 | B97: 第四批 | C97: 虚拟现实应用设计与制作职业技能等级证书 | D97: 福建省网龙普天教育科技有限公司 | E97: =VLOOKUP(C97,[1]证书及专业大类!$C:$F,4,FALSE) -> 电子信息大类 | F97: 黄芸 | H97: 林漾璟 | J97: 严孙钧 15880009375 | K97: ysj@ndptvr.com 316248774@qq.com
A98: 96 | B98: 第四批 | C98: 车身智能焊接职业技能等级证书 | D98: 北京祥龙博瑞汽车服务（集团）有限公司 | E98: =VLOOKUP(C98,[1]证书及专业大类!$C:$F,4,FALSE) -> 装备制造大类 | F98: 蒋金波 | G98: 13020046380 | H98: 姚东烨 刘全德 | I98: 13911121325 13701190157 | J98: 姚东烨 13911121325 | K98: yaodongye@xlbrauto.cn
A99: 97 | B99: 第四批 | C99: 增材制造设备操作与维护职业技能等级证书 | D99: 西安增材制造国家研究院有限公司 | E99: =VLOOKUP(C99,[1]证书及专业大类!$C:$F,4,FALSE) -> 装备制造大类 | F99: 吴启龙 | G99: 13484622767 | J99: 吴启龙 13484633767
A100: 98 | B100: 第四批 | C100: 跨境电子商务多平台运营职业技能等级证书 | D100: 厦门优优汇联信息科技股份有限公司（原厦门优优汇联信息科技有限公司） | E100: =VLOOKUP(C100,[1]证书及专业大类!$C:$F,4,FALSE) -> 财经商贸大类 | F100: 邓超 | G100: 15359336852 17750667912 | H100: 汤日芳 | J100: 汤日芳 18106939901
...
